Description

This Build Order is the standard Proxy Tempest.

VOD

https://youtu.be/wll7SEM5wR0

Replay - Flamingo v zuka - Beckett Industries LE

Build Order

Get SALT Encoding   

  12  0:08  Pylon  
  12  0:13  Probe  
  13  0:26  Gateway  
  13  0:30  Probe (Chrono Boost)  
  14  0:41  Assimilator  
  14  0:42  Probe x2 (Chrono Boost)  
  16  0:51  Assimilator  
  17  0:57  Probe  
  17  1:09  Probe  
  18  1:14  Cybernetics Core  
  18  1:21  Pylon  
  18  1:26  Probe  
  19  1:38  Probe  
  20  1:50  Probe  
  20  1:51  Stargate  
  21  1:54  Adept (Chrono Boost)  
  23  2:02  Probe  
  25  2:17  Adept  
  26  2:23  Pylon  
  26  2:26  Void Ray (Chrono Boost)  
  30  2:42  Shield Battery x2  
  30  2:57  Void Ray  
  34  3:09  Shield Battery  
  34  3:28  Fleet Beacon  
  34  3:57  Shield Battery  
  35  4:12  Pylon  
  36  4:24  Shield Battery  
  36  4:29  Tempest (Chrono Boost)  
  36  4:30  Shield Battery  
  41  4:39  Shield Battery  
  41  4:48  Warp Gate  
  41  4:49  Gateway  
  41  5:02  Tempest (Chrono Boost)  
  46  5:21  Pylon  
  46  5:24  Shield Battery  
  42  5:38  Tempest (Chrono Boost)  
  47  5:45  Gateway  
  43  6:12  Gateway  
  43  6:16  Tempest (Chrono Boost)  
  48  6:38  Stalker x2  
  52  7:01  Tempest (Chrono Boost)  
  57  7:25  Stalker x4  
  61  7:57  Stalker x4  
Spawning Tool Build Advisor. Get it on Overwolf

Go to:

Details

  • Created by: zuka      
  • Published on: May 08, 2021
  • Patch: 4.11.0
  • Difficulty: Easy
Show
View Real Time Build Order
Export as new Build Order

Comments (0)

There are no comments. Be the first!

Create an account to comment!